 Dungeon Crawl Stone Soup version 0.29.0-4-gdea44cf6ec (webtiles) character file.

Game seed: 12852321601466279048

81 qw the Caller (level 4, -2/36 HPs)
             Began as a Ghoul Summoner on Sept 9, 2022.
             Slain by Terence
             ... wielding a +0 hand axe
              (6 damage)
             ... on level 2 of the Dungeon.
             The game lasted 00:01:16 (3427 turns).

qw the Caller (Ghoul Summoner)                      Turns: 3427, Time: 00:01:16

Health: -2/36      AC:  3    Str: 13    XL:     4   Next: 40%
Magic:  0/5        EV:  9    Int: 10    God:
Gold:   35         SH:  0    Dex:  9    Spells: 5/6 levels left

rFire   . . .      SeeInvis .   Y - +0 short sword
rCold   + . .      Faith    .   (no shield)
rNeg    + + +      Spirit   .   a - +0 robe
rPois   inf        Reflect  .   n - +0 helmet
rElec   .          Harm     .   (no cloak)
rCorr   .          Rampage  .   (no gloves)
Will    .....                   (no boots)
Stlth   ++........              (no amulet)
HPRegen 0.00/turn               (no ring)
MPRegen 0.09/turn               (no ring)

@: grasped by roots, very slightly contaminated, inhibited regen, constricted
A: claws 1, cold resistance 1, negative energy resistance 3, inhibited
regeneration, torment resistance 2, devour on kill
a: no special abilities


You were on level 2 of the Dungeon.
You visited 1 branch of the dungeon, and saw 2 of its levels.

You collected 35 gold pieces.


Innate Abilities, Weirdness & Mutations

You are immune to poison.
You have sharp fingernails.
Your flesh is cold resistant. (rC+)
You are immune to negative energy. (rN+++)
You do not regenerate when monsters are visible.
You are immune to unholy pain and torment.
You thrive by killing the living.


   Skills:
 - Level 2.1 Fighting
 + Level 2.8 Axes
 - Level 1.7 Dodging
 - Level 2.1 Stealth
 - Level 1.7 Spellcasting
 - Level 3.6 Summonings


You had 5 spell levels left.
You knew the following spells:

 Your Spells              Type           Power      Damage    Failure   Level
a - Summon Small Mammal   Summ           32%        N/A       8%          1

Your spell library contained the following spells:

 Spells                   Type           Power      Damage    Failure   Level
 Call Imp                 Summ           8%         N/A       11%         2
 Call Canine Familiar     Summ           8%         N/A       22%         3
 Summon Guardian Golem    Hex/Summ       4%         N/A       43%         3
 Summon Lightning Spire   Summ/Air       4%         N/A       83%         4

Inventory:

Hand Weapons
 Y - a +0 short sword (weapon)
Armour
 a - a +0 robe (worn)
 n - a +0 helmet (worn)
Scrolls
 b - a scroll of magic mapping {unknown}
 e - a scroll of identify
Potions
 c - a potion of lignification {unknown}
 d - a potion of heal wounds {unknown}
 f - a potion of might
 g - a potion of flight {unknown}
 l - a potion of ambrosia {unknown}

Dungeon Overview and Level Annotations

Branches:
Dungeon (2/15)

Altars:

Annotations:
D:2 Terence


Message History

Terence zaps a wand.
The roots erupt in riotous growth!
The grasping roots grab you!
Terence is unaffected.
The grasping roots constrict you.
3423 ||| CASTING Summon Small Mammal
Casting: Summon Small Mammal (safe; 8% risk of failure)
Confirm with . or Enter, or press ? or * to list all spells.
Terence barely misses you. The grasping roots constrict you.
3424 ||| CASTING Summon Small Mammal
Casting: Summon Small Mammal (safe; 8% risk of failure)
Confirm with . or Enter, or press ? or * to list all spells.
Your bat disappears in a puff of smoke!
Terence closely misses you.
Terence hits your rat with a +0 hand axe.
Your rat dies!
Your rat's corpse disappears in a puff of smoke!
The grasping roots constrict you.
3425 ||| CASTING Summon Small Mammal
Casting: Summon Small Mammal (safe; 8% risk of failure)
Confirm with . or Enter, or press ? or * to list all spells.
Terence hits you with a +0 hand axe!
Terence hits your rat with a +0 hand axe.
The grasping roots constrict you.
The grasping roots release their grip on you.
You hit Terence.
Terence is lightly wounded.
Terence zaps a wand.
The roots erupt in riotous growth!
The grasping roots grab you!
Terence is unaffected.
Roots grab your rat. x2
The grasping roots constrict your rat.
Your rat dies!
Your rat's corpse disappears in a puff of smoke!
The grasping roots constrict your rat.
Your rat dies!
Your rat's corpse disappears in a puff of smoke!
The grasping roots constrict you.
You barely miss Terence.
Terence is lightly wounded.
Terence hits you with a +0 hand axe.
You die...

..........#.####.#
.#...<#.#.#.# #.#
.######.#.#.# #.#
........#.#.# #.#
#########.#.# #.#
#.# #.# #.# #.#
#.# #¤# #.# #@#
......@¤#
.#.######


You could see Terence.

Vanquished Creatures
  3 adders (D:2)
  A dart slug (D:2)
  6 ball pythons
  4 bats
  4 giant cockroaches
  3 goblins
  5 hobgoblins
  A kobold (D:1)
  A rat (D:2)
28 creatures vanquished.

Vanquished Creatures (collateral kills)
  2 ball pythons (D:1)
  3 endoplasms (D:2)
  2 goblins
  2 hobgoblins
  A bat (D:1)
  3 frilled lizards
  A kobold (D:1)
  4 rats
18 creatures vanquished.

Grand Total: 46 creatures vanquished

Notes
Turn   | Place    | Note
-------+----------+-------------------------------------------
     0 | D:1      | qw the Ghoul Summoner began the quest for the Orb.
     0 | D:1      | Reached XP level 1. HP: 14/14 MP: 2/2
     0 | D:1      | 0 ||| qw: Version: 0.1-a-113-g051387a
     0 | D:1      | 0 ||| qw: Game counter: 7123
     0 | D:1      | 0 ||| qw: Always use a shield: true
     0 | D:1      | 0 ||| qw: God list: Okawaru
     0 | D:1      | 0 ||| qw: Allow faded altars: false
     0 | D:1      | 0 ||| qw: Do Orc after D:15 true
     0 | D:1      | 0 ||| qw: Do second Lair branch before Depths: true
     0 | D:1      | 0 ||| qw: Lair rune preference: random
     0 | D:1      | 0 ||| qw: Plans: Normal
     0 | D:1      | 0 ||| PLANNING D:1-11
    33 | D:1      | 33 ||| CASTING Summon Small Mammal
    34 | D:1      | 34 ||| CASTING Summon Small Mammal
    42 | D:1      | 42 ||| Stepping ~*~*~tactically~*~*~ (stealth).
    46 | D:1      | 46 ||| CASTING Summon Small Mammal
    46 | D:1      | HP: 3/14 [hobgoblin (5)]
   353 | D:1      | 353 ||| CASTING Summon Small Mammal
   354 | D:1      | 354 ||| CASTING Summon Small Mammal
   365 | D:1      | 365 ||| CASTING Summon Small Mammal
   367 | D:1      | Reached skill level 1 in Axes
   396 | D:1      | 396 ||| CASTING Summon Small Mammal
   397 | D:1      | 397 ||| CASTING Summon Small Mammal
   409 | D:1      | 409 ||| CASTING Summon Small Mammal
   413 | D:1      | HP: 3/14 [giant cockroach (2)]
   417 | D:1      | Reached XP level 2. HP: 8/22 MP: 0/3
   611 | D:1      | 611 ||| Wielding weapon +0 short sword.
   639 | D:1      | 639 ||| CASTING Summon Small Mammal
   640 | D:1      | 640 ||| CASTING Summon Small Mammal
   641 | D:1      | 641 ||| CASTING Summon Small Mammal
   645 | D:1      | Reached skill level 1 in Fighting
   651 | D:1      | 651 ||| CASTING Summon Small Mammal
   718 | D:1      | 718 ||| CASTING Summon Small Mammal
   719 | D:1      | 719 ||| CASTING Summon Small Mammal
   720 | D:1      | 720 ||| CASTING Summon Small Mammal
   771 | D:1      | 771 ||| CASTING Summon Small Mammal
   772 | D:1      | 772 ||| CASTING Summon Small Mammal
   773 | D:1      | 773 ||| CASTING Summon Small Mammal
   832 | D:1      | 832 ||| CASTING Summon Small Mammal
   833 | D:1      | 833 ||| CASTING Summon Small Mammal
   834 | D:1      | 834 ||| CASTING Summon Small Mammal
   881 | D:1      | 881 ||| CASTING Summon Small Mammal
   882 | D:1      | 882 ||| CASTING Summon Small Mammal
   883 | D:1      | 883 ||| CASTING Summon Small Mammal
   979 | D:1      | 979 ||| CASTING Summon Small Mammal
   980 | D:1      | 980 ||| CASTING Summon Small Mammal
   982 | D:1      | 982 ||| CASTING Summon Small Mammal
  1021 | D:1      | 1021 ||| CASTING Summon Small Mammal
  1022 | D:1      | 1022 ||| CASTING Summon Small Mammal
  1023 | D:1      | 1023 ||| CASTING Summon Small Mammal
  1124 | D:1      | 1124 ||| CASTING Summon Small Mammal
  1125 | D:1      | 1125 ||| CASTING Summon Small Mammal
  1126 | D:1      | 1126 ||| CASTING Summon Small Mammal
  1165 | D:1      | 1165 ||| CASTING Summon Small Mammal
  1166 | D:1      | 1166 ||| CASTING Summon Small Mammal
  1167 | D:1      | 1167 ||| CASTING Summon Small Mammal
  1177 | D:1      | 1177 ||| CASTING Summon Small Mammal
  1225 | D:1      | 1225 ||| CASTING Summon Small Mammal
  1227 | D:1      | 1227 ||| CASTING Summon Small Mammal
  1228 | D:1      | 1228 ||| CASTING Summon Small Mammal
  1237 | D:1      | 1237 ||| CASTING Summon Small Mammal
  1240 | D:1      | Reached XP level 3. HP: 17/28 MP: 0/4
  1248 | D:1      | 1248 ||| CASTING Summon Small Mammal
  1255 | D:1      | 1255 ||| Stepping ~*~*~tactically~*~*~ (stealth).
  1379 | D:1      | 1379 ||| CASTING Summon Small Mammal
  1380 | D:1      | 1380 ||| CASTING Summon Small Mammal
  1381 | D:1      | 1381 ||| CASTING Summon Small Mammal
  1382 | D:1      | 1382 ||| CASTING Summon Small Mammal
  1391 | D:1      | 1391 ||| CASTING Summon Small Mammal
  1440 | D:1      | 1440 ||| Stepping ~*~*~tactically~*~*~ (stealth).
  1457 | D:1      | 1457 ||| CASTING Summon Small Mammal
  1458 | D:1      | 1458 ||| CASTING Summon Small Mammal
  1459 | D:1      | 1459 ||| CASTING Summon Small Mammal
  1460 | D:1      | 1460 ||| CASTING Summon Small Mammal
  1468 | D:1      | 1468 ||| CASTING Summon Small Mammal
  1516 | D:1      | 1516 ||| CASTING Summon Small Mammal
  1517 | D:1      | 1517 ||| CASTING Summon Small Mammal
  1518 | D:1      | 1518 ||| CASTING Summon Small Mammal
  1519 | D:1      | 1519 ||| CASTING Summon Small Mammal
  1614 | D:1      | 1614 ||| UPGRADING to +0 helmet.
  1619 | D:1      | 1619 ||| READING scroll labelled SYPNOU TEV UFESI.
  1620 | D:1      | 1620 ||| READING scroll labelled ACOOVU KEYGAT.
  1621 | D:1      | 1621 ||| READING scroll labelled NERCHA PUFEDU.
  1622 | D:1      | 1622 ||| READING scroll labelled HISUWE MEAPA.
  1723 | D:1      | 1723 ||| READING 2 scrolls labelled HEKE ACWOF.
  1724 | D:1      | 1724 ||| READING scroll labelled KAPSAD XUNWAX.
  1729 | D:1      | 1729 ||| DRINKING 2 bubbling inky potions.
  1730 | D:1      | 1730 ||| DROPPING potion of magic.
  1731 | D:1      | 1731 ||| DROPPING scroll of noise.
  1746 | D:2      | 1746 ||| CASTING Summon Small Mammal
  1747 | D:2      | 1747 ||| CASTING Summon Small Mammal
  1748 | D:2      | 1748 ||| CASTING Summon Small Mammal
  1749 | D:2      | 1749 ||| CASTING Summon Small Mammal
  1752 | D:2      | 1752 ||| STAIRDANCE
  1819 | D:2      | 1819 ||| CASTING Summon Small Mammal
  1820 | D:2      | 1820 ||| CASTING Summon Small Mammal
  1821 | D:2      | 1821 ||| CASTING Summon Small Mammal
  1822 | D:2      | 1822 ||| CASTING Summon Small Mammal
  1830 | D:2      | 1830 ||| CASTING Summon Small Mammal
  1902 | D:2      | 1902 ||| CASTING Summon Small Mammal
  1903 | D:2      | 1903 ||| CASTING Summon Small Mammal
  1904 | D:2      | 1904 ||| CASTING Summon Small Mammal
  1905 | D:2      | 1905 ||| CASTING Summon Small Mammal
  1966 | D:2      | 1966 ||| CASTING Summon Small Mammal
  1967 | D:2      | 1967 ||| CASTING Summon Small Mammal
  1968 | D:2      | 1968 ||| CASTING Summon Small Mammal
  1969 | D:2      | 1969 ||| CASTING Summon Small Mammal
  1976 | D:2      | 1976 ||| CASTING Summon Small Mammal
  2130 | D:2      | 2130 ||| CASTING Summon Small Mammal
  2131 | D:2      | 2131 ||| CASTING Summon Small Mammal
  2132 | D:2      | 2132 ||| CASTING Summon Small Mammal
  2133 | D:2      | 2133 ||| CASTING Summon Small Mammal
  2175 | D:2      | 2175 ||| CASTING Summon Small Mammal
  2176 | D:2      | 2176 ||| CASTING Summon Small Mammal
  2177 | D:2      | 2177 ||| CASTING Summon Small Mammal
  2178 | D:2      | 2178 ||| CASTING Summon Small Mammal
  2227 | D:2      | 2227 ||| CASTING Summon Small Mammal
  2228 | D:2      | 2228 ||| CASTING Summon Small Mammal
  2229 | D:2      | 2229 ||| CASTING Summon Small Mammal
  2230 | D:2      | 2230 ||| CASTING Summon Small Mammal
  2238 | D:2      | 2238 ||| CASTING Summon Small Mammal
  2247 | D:2      | Reached XP level 4. HP: 21/36 MP: 0/5
  2380 | D:2      | 2380 ||| Stepping ~*~*~tactically~*~*~ (stealth).
  2381 | D:2      | 2381 ||| Stepping ~*~*~tactically~*~*~ (stealth).
  2384 | D:2      | 2384 ||| Stepping ~*~*~tactically~*~*~ (stealth).
  2386 | D:2      | 2386 ||| Stepping ~*~*~tactically~*~*~ (stealth).
  2388 | D:2      | 2388 ||| CASTING Summon Small Mammal
  2389 | D:2      | 2389 ||| CASTING Summon Small Mammal
  2390 | D:2      | 2390 ||| CASTING Summon Small Mammal
  2391 | D:2      | 2391 ||| CASTING Summon Small Mammal
  2392 | D:2      | 2392 ||| CASTING Summon Small Mammal
  2468 | D:2      | 2468 ||| CASTING Summon Small Mammal
  2469 | D:2      | 2469 ||| CASTING Summon Small Mammal
  2470 | D:2      | 2470 ||| CASTING Summon Small Mammal
  2471 | D:2      | 2471 ||| CASTING Summon Small Mammal
  2472 | D:2      | 2472 ||| CASTING Summon Small Mammal
  2531 | D:2      | 2531 ||| Stepping ~*~*~tactically~*~*~ (hiding).
  2633 | D:2      | 2633 ||| Stepping ~*~*~tactically~*~*~ (hiding).
  2709 | D:2      | 2709 ||| Stepping ~*~*~tactically~*~*~ (stealth).
  2711 | D:2      | 2711 ||| CASTING Summon Small Mammal
  2712 | D:2      | 2712 ||| CASTING Summon Small Mammal
  2713 | D:2      | 2713 ||| CASTING Summon Small Mammal
  2714 | D:2      | 2714 ||| CASTING Summon Small Mammal
  2715 | D:2      | 2715 ||| CASTING Summon Small Mammal
  2721 | D:2      | 2721 ||| CASTING Summon Small Mammal
  2824 | D:2      | 2824 ||| CASTING Summon Small Mammal
  2825 | D:2      | 2825 ||| Stepping ~*~*~tactically~*~*~ (stealth).
  2829 | D:2      | 2829 ||| CASTING Summon Small Mammal
  2830 | D:2      | 2830 ||| CASTING Summon Small Mammal
  2831 | D:2      | 2831 ||| CASTING Summon Small Mammal
  2832 | D:2      | 2832 ||| CASTING Summon Small Mammal
  2835 | D:2      | 2835 ||| CASTING Summon Small Mammal
  2898 | D:2      | 2898 ||| CASTING Summon Small Mammal
  2899 | D:2      | 2899 ||| CASTING Summon Small Mammal
  2900 | D:2      | 2900 ||| CASTING Summon Small Mammal
  2901 | D:2      | 2901 ||| CASTING Summon Small Mammal
  2902 | D:2      | 2902 ||| CASTING Summon Small Mammal
  2958 | D:2      | 2958 ||| CASTING Summon Small Mammal
  2959 | D:2      | 2959 ||| CASTING Summon Small Mammal
  2960 | D:2      | 2960 ||| CASTING Summon Small Mammal
  2961 | D:2      | 2961 ||| CASTING Summon Small Mammal
  2962 | D:2      | 2962 ||| CASTING Summon Small Mammal
  2969 | D:2      | 2969 ||| CASTING Summon Small Mammal
  2979 | D:2      | 2979 ||| CASTING Summon Small Mammal
  3179 | D:2      | 3179 ||| CASTING Summon Small Mammal
  3180 | D:2      | 3180 ||| CASTING Summon Small Mammal
  3181 | D:2      | 3181 ||| CASTING Summon Small Mammal
  3182 | D:2      | 3182 ||| CASTING Summon Small Mammal
  3183 | D:2      | 3183 ||| CASTING Summon Small Mammal
  3340 | D:2      | 3340 ||| CASTING Summon Small Mammal
  3341 | D:2      | 3341 ||| CASTING Summon Small Mammal
  3342 | D:2      | 3342 ||| CASTING Summon Small Mammal
  3343 | D:2      | 3343 ||| CASTING Summon Small Mammal
  3344 | D:2      | 3344 ||| CASTING Summon Small Mammal
  3351 | D:2      | 3351 ||| CASTING Summon Small Mammal
  3420 | D:2      | Noticed Terence
  3421 | D:2      | 3421 ||| CASTING Summon Small Mammal
  3422 | D:2      | 3422 ||| CASTING Summon Small Mammal
  3423 | D:2      | 3423 ||| CASTING Summon Small Mammal
  3424 | D:2      | 3424 ||| CASTING Summon Small Mammal
  3425 | D:2      | 3425 ||| CASTING Summon Small Mammal
  3425 | D:2      | HP: 9/36 [constriction (4)]
  3426 | D:2      | HP: 4/36 [constriction (5)]
  3427 | D:2      | Slain by Terence

Levels and vault maps discovered:
D:1:      dpeg_arrival_refuge, layout_basic
D:2:      layout_basic, serial_curves, eino_curves_02, eino_curves_02,
          minmay_misc_feat_four_crosses, uniq_terence

Skill      XL: |  1  2  3 |
---------------+----------+-----
Axes           | 1 2 |  2.8
Fighting       | 1 2 |  2.1
Dodging        | |  1.7
Stealth        | |  2.1
Spellcasting   | |  1.7
Summonings     | |  3.6

Action                   |  1- 3 |  4- 6 || total
-------------------------+-------+-------++-------
Melee: Unarmed           |    20 |       ||    20
       Short sword       |    76 |    58 ||   134
       Punch             |       |     1 ||     1
 Cast: Summon Small Mamm |    82 |    44 ||   126
  Use: Scroll            |     6 |       ||     6
       Potion            |     1 |       ||     1
 Stab: Distracted        |     1 |       ||     1
Armor: Robe              |    29 |    16 ||    45
Dodge: Dodged            |    77 |    38 ||   115

Table legend:
 A = Non-vault XP
 B = Vault XP
 C = Vault XP percentage of total XP
 D = Non-vault monster count
 E = Vault monster count
 F = Vault count percentage of total count
                 A         B        C        D         E       F
            +---------+---------+-------+---------+---------+-------
      Total |     116 |       0 |   0.0 |      46 |       0 |   0.0
            +---------+---------+-------+---------+---------+-------
        D:1 |      44 |       0 |   0.0 |      26 |       0 |   0.0
        D:2 |      72 |       0 |   0.0 |      20 |       0 |   0.0
            +---------+---------+-------+---------+---------+-------
